 Dungeon Crawl Stone Soup version 0.26-a0-651-gb41185065b (webtiles) character file.

Game seed: 11099757292475570991

28704 Irenicus the Earth Mage (level 13, -4/94 HPs)
             Began as a Deep Dwarf Earth Elementalist on Oct 12, 2020.
             Was a High Priest of Makhleb.
             Slain by a freezing wraith (8 damage)
             ... led by a death knight
             ... on level 12 of the Dungeon.
             The game lasted 01:15:59 (7698 turns).

Irenicus the Earth Mage (DDEE)                      Turns: 7698, Time: 01:16:00

Health: -4/94      AC: 17    Str: 16    XL:     13   Next: 11%
Magic:  3/30       EV: 13    Int: 22    God:    Makhleb [*****.]
Gold:   209        SH:  0    Dex: 16    Spells: 18/39 levels left

rFire    . . .     SeeInvis .   J - +7 mace of Variability {chain chaos}
rCold    + . .     Faith    .   (shield currently unavailable)
rNeg     + + .     Spirit   .   u - +2 ring mail {rC+}
rPois    .         Reflect  .   B - +1 helmet
rElec    .         Harm     .   M - -1 cloak "Tiet Ryi" {rN+ Int+2} (curse)
rCorr    .         Rampage  .   H - +2 pair of gloves {Dex+3}
MR       +....                  w - +0 pair of boots
Stlth    ++........             q - amulet of magic regeneration
HPRegen  0.00/turn              N - ring "Damnoj" {rN+ Str+3}
MPRegen  0.47/turn              a - +4 ring of protection (curse)

@: non-regenerating, slowed, very slow
A: damage resistance, heal wounds, sense surroundings 2, no regeneration
a: Heal Wounds, Minor Destruction, Lesser Servant of Makhleb, Major Destruction,
Greater Servant of Makhleb, Renounce Religion


You were on level 12 of the Dungeon.
You worshipped Makhleb.
Makhleb was extremely pleased with you.
You visited 3 branches of the dungeon, and saw 15 of its levels.
You also visited: Gauntlet.

You collected 1854 gold pieces.
You spent 1645 gold pieces at shops.

Inventory:

Hand Weapons
 C - a +2 vampiric dagger
   (You took it off a big kobold on level 7 of the Dungeon)
 J - the +7 mace of Variability (weapon) {chain chaos}
   (You found it on level 10 of the Dungeon)

   Each time it hits an enemy it has a different, random effect.
Missiles
 b - 29 stones (quivered)
Armour
 u - a +2 ring mail of cold resistance (worn)
   (You found it on level 11 of the Dungeon)
 w - a +0 pair of boots (worn)
   (You bought it in a shop on level 5 of the Dungeon)
 B - a +1 helmet (worn)
   (You bought it in a shop on level 5 of the Dungeon)
 H - a +2 pair of gloves of dexterity (worn)
   (You found it on level 9 of the Dungeon)
 M - the cursed -1 cloak "Tiet Ryi" (worn) {rN+ Int+2}
   (You found it in a Gauntlet)

   It affects your intelligence (+2).
   It protects you from negative energy.
   It has a curse placed upon it.
Jewellery
 a - a cursed +4 ring of protection (right hand)
   (You found it in a Gauntlet)
 q - an amulet of magic regeneration (around neck)
   (You found it on level 2 of the Dungeon)
 v - a +6 ring of dexterity
   (You found it on level 4 of the Dungeon)
 K - an uncursed amulet of reflection
   (You took it off Fannar on level 11 of the Dungeon)
 N - the ring "Damnoj" (left hand) {rN+ Str+3}
   (You took it off a minotaur in a Gauntlet)

   [ring of positive energy]

   It affects your strength (+3).
   It protects you from negative energy.
Wands
 j - a wand of disintegration (2)
   (You found it on level 11 of the Dungeon)
 G - a wand of iceblast (3)
   (You found it on level 8 of the Dungeon)
 I - a wand of digging (4)
   (You took it off Maurice on level 9 of the Dungeon)
 L - a wand of acid (7)
   (You found it in a Gauntlet)
Scrolls
 d - 2 scrolls of fear
 e - 3 scrolls of enchant weapon
 i - 4 scrolls of enchant armour
 l - 2 scrolls of remove curse
 m - 6 scrolls of teleportation
 n - 2 scrolls of noise {unknown}
 s - 3 scrolls of fog
 x - a scroll of magic mapping {!r}
 y - 2 scrolls of blinking {!r}
 E - a scroll of immolation {!r}
Potions
 f - 2 potions of magic
 g - 10 potions of curing
 h - 4 potions of flight
 k - 2 potions of brilliance
 o - a potion of resistance
 t - 3 potions of berserk rage {!q}
 z - a potion of heal wounds
 A - 3 potions of might
 D - 2 potions of invisibility


   Skills:
 - Level 1.7 Armour
 - Level 4.1 Dodging
 - Level 2.4 Stealth
 + Level 13.7 Spellcasting
 - Level 2.0 Conjurations
 + Level 8.4 Necromancy
 - Level 2.0 Translocations
 - Level 0.8 Transmutations
 - Level 15.2 Earth Magic


You had 18 spell levels left.
You knew the following spells:

 Your Spells              Type           Power        Failure   Level
a - Sandblast             Erth           ######       0%          1
b - Vampiric Draining     Necr           ######....   1%          3
g - Apportation           Tloc           ###...       3%          1
r - Sublimation of Blood  Necr           ######....   1%          2
w - Passwall              Tmut/Erth      ######..     1%          2
x - Stone Arrow           Conj/Erth      ######       1%          3
z - Lee's Rapid Deconstr  Erth           ######....   1%          5
A - Animate Dead          Necr           ######....   2%          4

Your spell library contained the following spells:

 Spells                   Type           Power        Failure   Level
 Animate Skeleton         Necr           ######       1%          1
 Pain                     Necr           ####         1%          1
 Petrify                  Tmut/Erth      ######..     2%          4
 Leda's Liquefaction      Hex/Erth       #####.....   3%          4
 Sting                    Tmut/Pois      ###.         6%          1
 Agony                    Necr           ######..     7%          5
 Corona                   Hex            ###....      8%          1
 Summon Small Mammal      Summ           ###.         8%          1
 Call Imp                 Summ           ###.....     12%         2
 Poisonous Vapours        Pois/Air       ###...       12%         2
 Mephitic Cloud           Conj/Pois/Air  ###.....     17%         3
 Ignite Poison            Fire/Tmut/Pois ###.....     21%         3
 Bolt of Magma            Conj/Fire/Erth #####.....   21%         5
 Call Canine Familiar     Summ           ###.....     22%         3
 Summon Guardian Golem    Hex/Summ       ###.....     22%         3
 Iron Shot                Conj/Erth      ######....   34%         6
 Statue Form              Tmut/Erth      ######...    38%         6
 Cause Fear               Hex            ###.......   58%         4
 Olgreb's Toxic Radiance  Pois           ###.....     58%         4
 Summon Ice Beast         Ice/Summ       ###.....     58%         4
 Summon Lightning Spire   Summ/Air       ###.....     58%         4
 Irradiate                Conj/Tmut      ###.......   75%         5
 Alistair's Intoxication  Tmut/Pois      ###......    87%         5
 Yara's Violent Unravell  Hex/Tmut       ###.......   87%         5
 Silence                  Hex/Air        ###.......   91%         5
 Eringya's Noxious Bog    Tmut/Pois      ###.......   100%        6
 Discord                  Hex            ###.......   100%        8
 Shatter                  Erth           ######....   100%        9


Dungeon Overview and Level Annotations

Branches:
Dungeon (12/15)            Temple (1/1) D:4            Lair (0/6) D:8
    Orc (2/2) D:12            Elf (0/3) Orc:2       Gauntlet (visited)

Altars:
Ashenzari
Cheibriados
Dithmenos
Elyvilon
Fedhas
Gozag
Hepliaklqana
Kikubaaqudgha
Makhleb
Nemelex Xobeh
Okawaru
Qazlal
Ru
Sif Muna
Trog
Uskayaw
Vehumet
Wu Jian
Xom
Yredelemnul
Zin
The Shining One

Shops:
D:5 [}[[=   Orc:1 (*   Orc:2 :?}!

Annotations:
D:7 Harold
D:11 1 runed translucent door - book artefact, Unwagon's ghost, novice MiFi
D:12 1 runed translucent door, Flugslaktarn's ghost, journeyman DDFi


Innate Abilities, Weirdness & Mutations

You are resistant to damage.
You can heal yourself by infusing magical energy.
You passively map the area around you.
You do not regenerate.


Message History

The freezing wraith freezes you! You resist.
The freezing wraith hits you but does no damage.
The orc barely misses you. The wyvern bites you!
A centaur comes into view.
The freezing wraith barely misses you.
The freezing wraith hits you but does no damage.
You take 24 damage, and have 38/94 hp.
MASSIVE DAMAGE!!
You sock the wyvern!
The wyvern is severely wounded.
The wyvern bites you! The orc closely misses you.
The wyvern closely misses you. The freezing wraith hits you!
* * * LOW HITPOINT WARNING * * *
The freezing wraith freezes you! You resist.
* * * LOW HITPOINT WARNING * * *
The freezing wraith misses you. The orc closely misses you.
The wyvern bites you!
* * * LOW HITPOINT WARNING * * *
You take 34 damage, and have 4/94 hp.
MASSIVE DAMAGE!!
Casting: Vampiric Draining (safe; 1% risk of failure)
Confirm with . or Enter, or press ? or * to list all spells.
Aiming: Vampiric Draining (safe; 1% risk of failure)
Press: ? - help, Shift-Dir - straight line, f/p - wyvern
Aim: a wyvern (severely wounded)
You kill the wyvern!
Makhleb accepts your kill.
You feel better.
You feel life coursing into your body.
The centaur wields a +0 shortbow.
The centaur shoots an arrow.
The arrow barely misses you.
The freezing wraith hits you but does no damage.
The freezing wraith misses you. The orc hits you but does no damage.
You regained 10 hp, and now have 14/94 hp.
You now have 14/30 mp.
Casting: Vampiric Draining (safe; 1% risk of failure)
Confirm with . or Enter, or press ? or * to list all spells.
Press: ? - help, Shift-Dir - straight line, f - iguana
Aim: an iguana The iguana is heavily wounded.
You feel life coursing into your body. The freezing wraith closely misses you.
The freezing wraith barely misses you. The orc hits you.
The iguana bites you but does no damage.
You regained 4 hp, and now have 18/94 hp.
You now have 11/30 mp.
Casting: Vampiric Draining (safe; 1% risk of failure)
Confirm with . or Enter, or press ? or * to list all spells.
Press: ? - help, Dir - move target cursor, p - iguana A rock wall.
The wall shatters!
The blast of rock fragments hits the freezing wraith!!
The freezing wraith is heavily damaged.
The blast of rock fragments hits the iguana!
You kill the iguana!
Makhleb accepts your kill.
You feel better.
The blast of rock fragments hits the orc!!
You kill the orc!
Makhleb accepts your kill.
You feel better.
The blast of rock fragments hits the centaur!!
You kill the centaur!
Makhleb accepts your kill.
You hear a bellow! x2
The freezing wraith closely misses you. The freezing wraith barely misses you.
You regained 4 hp, and now have 22/94 hp.
You now have 9/30 mp.
Casting: Lee's Rapid Deconstruction (mildly dangerous; 1% risk of failure)
Confirm with . or Enter, or press ? or * to list all spells.
Aiming: Stone Arrow (safe; 1% risk of failure)
Press: ? - help, Shift-Dir - straight line, f - freezing wraith
Aim: a freezing wraith (heavily damaged)
The stone arrow hits the freezing wraith!
The freezing wraith is almost destroyed.
The freezing wraith barely misses you. The freezing wraith hits you!
* * * LOW HITPOINT WARNING * * *
The freezing wraith drains your vigour!
You feel yourself slow down.
You take 5 damage, and have 17/94 hp.
You now have 6/30 mp.
Casting: Stone Arrow (safe; 1% risk of failure)
Confirm with . or Enter, or press ? or * to list all spells.
Aiming: Stone Arrow (safe; 1% risk of failure)
Press: ? - help, Shift-Dir - straight line, f/p - freezing wraith
Aim: a freezing wraith (almost destroyed)
The stone arrow misses the freezing wraith.
The freezing wraith hits you. The freezing wraith freezes you. You resist.
* * * LOW HITPOINT WARNING * * *
The freezing wraith closely misses you.
The freezing wraith hits you but does no damage. x2
You take 1 damage, and have 16/94 hp.
You now have 4/30 mp.
Casting: Stone Arrow (safe; 1% risk of failure)
Confirm with . or Enter, or press ? or * to list all spells.
Aiming: Sandblast (safe; 0% risk of failure)
Press: ? - help, Shift-Dir - straight line, f/p - freezing wraith
Aim: a freezing wraith (almost destroyed)
The blast of sand hits the freezing wraith.
The freezing wraith is almost destroyed.
b - 29 stones The freezing wraith hits you.
* * * LOW HITPOINT WARNING * * *
The freezing wraith freezes you! You resist.
* * * LOW HITPOINT WARNING * * *
The freezing wraith hits you!
You die...

#...#......).#...........(..
###.####.......##...<..###....
##...<####.......#.....##⌠##...
#.......#.......##....##...##.. #
##...................##..!..##. #
##..........##......+W.$♣..⌠#.
#####.........##.##(...##.....##.
.#..).............#†.)..##...##..
^...(#..........@W[).)...##⌠##l..
....)(.......######..#)...###....
....())##...... #..#).#........
#...(#(..###....* #.....#*#......
#(.(####.# ###. #......* .. #.###
* ..# ...##... ., , #.##
.#######...## ...#, ,,
#..#####.....#.#.....* #.##* ,
....#.....#.......?,...... * ,


You could see a freezing wraith.

Vanquished Creatures
  A minotaur (Gauntlet)
  Josephine (Orc:1)
  Fannar (D:11)
  Erolcha (Orc:1)
  A ghost crab (Gauntlet)
  2 two-headed ogres
  A centaur warrior (D:12)
  3 orc high priests (Orc:2)
  A skeletal warrior (D:12)
  2 unseen horrors (D:12)
  5 orc knights (Orc:2)
  Pikel (D:9)
  6 orc sorcerers
  Maurice (D:9)
  A cyclops (Orc:2)
  A gargoyle (D:11)
  A kobold demonologist (D:12)
  A freezing wraith (D:12)
  5 trolls
  2 hippogriffs
  6 flying skulls (Gauntlet)
  Sigmund (D:2)
  2 wyverns
  5 wraiths
  5 yaks (D:9)
  2 chaos spawn (D:10)
  2 wargs (Orc:2)
  An acid dragon (D:10)
  Edmund (D:4)
  2 swamp worms (Gauntlet)
  22 orc warriors
  3 ice beasts
  A black bear (D:9)
  2 phantoms
  10 ogres
  The ghost of p0werm0de the Skirmisher, an amateur GrFi (D:3)
  9 centaurs
  2 lemures (D:9)
  4 big kobolds
  11 bullfrogs
  A wyvern skeleton (D:11)
  2 water moccasin zombies (D:5)
  5 scorpions
  4 howler monkeys
  3 jellies
  6 bullfrog zombies
  5 hounds
  8 orc priests
  2 bullfrog skeletons
  A centaur skeleton (D:5)
  20 orc wizards
  3 iguanas
  Ijyb (D:4)
  10 worker ants
  2 hound skeletons
  16 gnolls
  A howler monkey skeleton (D:8)
  21 adders
  6 shadow imps
  A white imp (D:5)
  3 ufetubi
  2 oozes
  An adder zombie (D:5)
  2 adder skeletons
  2 worms
  4 dart slugs
  2 leopard geckos
  70 orcs
  8 bats
  3 bat zombies (D:8)
  7 giant cockroaches
  5 goblins
  5 hobgoblins
  23 jackals
  3 quokkas
  A ball python (D:2)
  A ball python zombie (D:5)
  3 frilled lizards
  14 kobolds
  A leopard gecko skeleton (D:7)
  A leopard gecko zombie (D:5)
  A quokka zombie (D:5)
  4 rats
414 creatures vanquished.

Vanquished Creatures (others)
  A quasit (D:12)
  An orc wizard (Orc:2)
  A demonic plant (Gauntlet)
  3 fungi (D:8)
  5 plants (D:8)
  5 withered plants (D:5)
16 creatures vanquished.

Grand Total: 430 creatures vanquished

Notes
Turn   | Place    | Note
-------+----------+-------------------------------------------
     0 | D:1      | Irenicus the Deep Dwarf Earth Elementalist began the quest
                  | for the Orb.
     0 | D:1      | Reached XP level 1. HP: 15/15 MP: 3/3
   240 | D:1      | Reached XP level 2. HP: 20/22 MP: 1/4
   268 | D:1      | Reached skill level 5 in Earth Magic
   350 | D:1      | Reached XP level 3. HP: 26/28 MP: 0/5
   387 | D:1      | Learned a level 2 spell: Passwall
   513 | D:2      | Noticed Sigmund
   524 | D:2      | Killed Sigmund
   524 | D:2      | Reached skill level 8 in Earth Magic
   524 | D:2      | Reached XP level 4. HP: 33/36 MP: 0/6
   524 | D:2      | Reached XP level 5. HP: 38/42 MP: 0/7
   612 | D:2      | Found a sacrificial altar of Ru.
  1036 | D:3      | early amy of m reg again
  1066 | D:3      | Reached skill level 9 in Earth Magic
  1066 | D:3      | Reached XP level 6. HP: 29/49 MP: 3/8
  1112 | D:3      | Found a basalt altar of Yredelemnul.
  1169 | D:3      | late game early
  1169 | D:3      | book of Earth
  1229 | D:3      | tons of stone : good run ahead
  1386 | D:3      | Found a shimmering blue altar of Sif Muna.
  1417 | D:3      | Found a runed translucent door.
  1421 | D:3      | Noticed p0werm0de's ghost (amateur GrFi)
  1431 | D:3      | Killed p0werm0de's ghost
  1533 | D:4      | Noticed Ijyb
  1535 | D:4      | Reached skill level 10 in Earth Magic
  1570 | D:4      | Killed Ijyb
  1570 | D:4      | Reached XP level 7. HP: 21/55 MP: 4/9
  1721 | D:4      | Learned a level 3 spell: Stone Arrow
  1730 | D:4      | Noticed Edmund
  1775 | D:4      | Killed Edmund
  1775 | D:4      | Reached skill level 11 in Earth Magic
  1815 | D:4      | Found a staircase to the Ecumenical Temple.
  1825 | Temple   | Entered the Ecumenical Temple
  1883 | Temple   | no maklheb at temple
  2014 | D:4      | Reached skill level 12 in Earth Magic
  2056 | D:4      | Reached XP level 8. HP: 40/62 MP: 5/10
  2304 | D:5      | Entered Level 5 of the Dungeon
  2313 | D:5      | Found Fumest's Gadget Boutique.
  2415 | D:5      | Reached skill level 13 in Earth Magic
  2555 | D:5      | Found Naeck's Antique Armour Shop.
  2560 | D:5      | Bought a pair of embroidered boots for 217 gold pieces
  2676 | D:5      | Reached skill level 14 in Earth Magic
  2711 | D:5      | Found Bezuiz's Antique Armour Shop.
  2842 | D:5      | Found Monedd's Armour Emporium.
  2845 | D:5      | Bought a +0 helmet for 63 gold pieces
  2878 | D:5      | Found Uthopn's Jewellery Shoppe.
  2995 | D:5      | Found an iron altar of Okawaru.
  2997 | D:5      | Found a sparkling altar of Nemelex Xobeh.
  3163 | D:6      | Found a glowing silver altar of Zin.
  3165 | D:6      | Gained mutation: You passively map the area around you.
                  | [Deep Dwarf growth]
  3165 | D:6      | Reached XP level 9. HP: 33/68 MP: 9/11
  3225 | D:6      | Reached skill level 15 in Earth Magic
  3300 | D:6      | Found a burning altar of Makhleb.
  3303 | D:6      | Became a worshipper of Makhleb the Destroyer
  3359 | D:6      | Found a blossoming altar of Fedhas.
  3407 | D:7      | Reached skill level 2 in Spellcasting
  3419 | D:7      | Reached skill level 1 in Armour
  3531 | D:7      | Reached skill level 3 in Dodging
  3594 | D:7      | Noticed Harold
  3611 | D:8      | Reached skill level 1 in Conjurations
  3665 | D:8      | Found a shimmering altar of Xom.
  3816 | D:8      | Reached skill level 3 in Spellcasting
  3823 | D:8      | Learned a level 5 spell: Lee's Rapid Deconstruction
  3851 | D:8      | Reached * piety under Makhleb
  3881 | D:8      | Found a snail-covered altar of Cheibriados.
  3893 | D:8      | Found a bloodstained altar of Trog.
  3896 | D:8      | Reached skill level 2 in Conjurations
  3903 | D:8      | Learned a level 3 spell: Vampiric Draining
  3917 | D:8      | Found a staircase to the Lair.
  4019 | D:8      | Found an ancient bone altar of Kikubaaqudgha.
  4148 | D:7      | Found an ornate altar of the Wu Jian Council.
  4303 | D:9      | Reached skill level 4 in Spellcasting
  4303 | D:9      | Reached skill level 1 in Necromancy
  4326 | D:9      | Noticed a troll
  4330 | D:9      | Reached skill level 2 in Necromancy
  4335 | D:9      | HP: 17/68 [troll (2)]
  4337 | D:9      | Killed a troll
  4337 | D:9      | Reached skill level 3 in Necromancy
  4346 | D:9      | Found a radiant altar of Vehumet.
  4396 | D:9      | Noticed Maurice
  4404 | D:9      | Killed Maurice
  4404 | D:9      | Reached skill level 5 in Spellcasting
  4404 | D:9      | Reached skill level 4 in Necromancy
  4404 | D:9      | Reached XP level 10. HP: 27/75 MP: 10/17
  4430 | D:9      | Noticed a two-headed ogre
  4436 | D:9      | HP: 18/75 [two-headed ogre/+0 dire flail (5)]
  4437 | D:9      | Killed a two-headed ogre
  4437 | D:9      | Reached skill level 5 in Necromancy
  4438 | D:9      | HP: 7/75 [wyvern (11)]
  4496 | D:9      | Reached ** piety under Makhleb
  4498 | D:9      | Reached skill level 6 in Spellcasting
  4502 | D:9      | Reached skill level 6 in Necromancy
  4510 | D:9      | HP: 12/75 [yak (7)]
  4548 | D:9      | HP: 16/75 [troll (6)]
  4559 | D:9      | Found a broken altar of Ashenzari.
  4702 | D:9      | Noticed Pikel
  4712 | D:9      | Killed Pikel
  4712 | D:9      | Reached skill level 7 in Necromancy
  4752 | D:10     | Entered Level 10 of the Dungeon
  4796 | D:10     | Found the +7 mace of Variability {chain chaos}
  4798 | D:10     | Found a shimmering altar of Xom.
  4813 | D:10     | Reached skill level 7 in Spellcasting
  4978 | D:10     | Learned a level 1 spell: Apportation
  5209 | D:10     | Reached skill level 1 in Translocations
  5413 | D:11     | Reached *** piety under Makhleb
  5415 | D:11     | Reached skill level 2 in Translocations
  5417 | D:11     | Noticed a gargoyle
  5426 | D:11     | Killed a gargoyle
  5426 | D:11     | Reached skill level 4 in Dodging
  5426 | D:11     | Reached skill level 8 in Necromancy
  5426 | D:11     | Reached XP level 11. HP: 47/81 MP: 1/21
  5565 | D:11     | Noticed Fannar
  5592 | D:11     | Killed Fannar
  5607 | D:11     | Noticed a two-headed ogre
  5617 | D:11     | Killed a two-headed ogre
  5617 | D:11     | Reached skill level 8 in Spellcasting
  5672 | D:11     | Found a runed translucent door.
  5674 | D:11     | Noticed Unwagon's ghost (novice MiFi)
  5712 | D:11     | Found a shadowy altar of Dithmenos.
  5860 | D:12     | Killed an unseen horror
  5908 | D:12     | Reached skill level 9 in Spellcasting
  5914 | D:12     | Killed an unseen horror
  5964 | D:12     | Noticed a centaur warrior
  5969 | D:12     | Reached **** piety under Makhleb
  5980 | D:12     | Killed a centaur warrior
  6040 | D:12     | Reached skill level 10 in Spellcasting
  6108 | D:12     | Found a staircase to the Orcish Mines.
  6123 | D:12     | Learned a level 4 spell: Animate Dead
  6124 | Orc:1    | Entered Level 1 of the Orcish Mines
  6126 | Orc:1    | Noticed Erolcha
  6137 | Orc:1    | Noticed Josephine
  6137 | Orc:1    | HP: 7/81 [Erolcha/crystal spear (33)]
  6139 | Orc:2    | Entered Level 2 of the Orcish Mines
  6163 | Orc:2    | HP: 20/81 [troll (7)]
  6192 | Orc:2    | Noticed an orc knight
  6199 | Orc:1    | HP: 17/81 [orc warrior/+0 flail (10)]
  6200 | Orc:1    | Found Vaclox's General Store.
  6211 | Orc:1    | Bought a scroll of blinking for 90 gold pieces
  6223 | Orc:1    | Noticed an orc sorcerer
  6225 | Orc:1    | Noticed a sun demon
  6226 | Orc:1    | HP: 16/81 [something/ball of steam[an orc sorcerer] (2)]
  6229 | Orc:1    | Killed an orc sorcerer
  6352 | Orc:1    | Found Zeunyeri's Weapon Boutique.
  6405 | Orc:2    | Killed an orc knight
  6405 | Orc:2    | Reached XP level 12. HP: 57/88 MP: 7/26
  6442 | Orc:2    | Found a gate leading to a gauntlet.
  6451 | Gauntlet | Entered a Gauntlet
  6451 | Gauntlet | Found a transporter.
  6451 | Gauntlet | Found a runed translucent gate.
  6451 | Gauntlet | Found a runed translucent gate.
  6454 | Gauntlet | Found a runed translucent gate.
  6454 | Gauntlet | Found a transporter.
  6456 | Gauntlet | Found a transporter.
  6472 | Gauntlet | Found a transporter.
  6486 | Gauntlet | Found a transporter.
  6488 | Gauntlet | Noticed a ghost crab
  6497 | Gauntlet | Found a transporter.
  6513 | Gauntlet | Found a transporter.
  6520 | Gauntlet | Noticed a death ooze
  6523 | Gauntlet | Found a transporter.
  6533 | Gauntlet | Found a transporter.
  6543 | Gauntlet | Found a transporter.
  6543 | Gauntlet | Found a transporter.
  6545 | Gauntlet | Found a transporter.
  6545 | Gauntlet | Noticed a catoblepas
  6565 | Gauntlet | Found a transporter.
  6567 | Gauntlet | Found a transporter.
  6674 | Gauntlet | Reached skill level 11 in Spellcasting
  6713 | Gauntlet | Reached ***** piety under Makhleb
  6740 | Gauntlet | Noticed an anaconda
  6740 | Gauntlet | a wolf spider changed into an anaconda
  6743 | Gauntlet | an anaconda changed into a swamp worm
  6764 | Gauntlet | Killed a ghost crab
  6771 | Gauntlet | Got a heavily runed cloak
  6777 | Gauntlet | Identified the cursed -1 cloak "Tiet Ryi" {rN+ Int+2} (You
                  | found it in a Gauntlet)
  6811 | Gauntlet | Identified the ring "Damnoj" {rN+ Str+3}
  6811 | Gauntlet | Noticed a minotaur
  6816 | Gauntlet | Killed a minotaur
  6824 | Gauntlet | Got an ancient leather armour
  6835 | Gauntlet | Identified the +1 leather armour of the Hills {-Cast rPois
                  | SInv Stlth+} (You found it in a Gauntlet)
  6907 | Orc:2    | Found a staircase to the Elven Halls.
  7013 | Orc:2    | Reached skill level 12 in Spellcasting
  7078 | Orc:2    | Found Luragytu's Book Boutique.
  7105 | Orc:2    | Noticed an orc high priest
  7106 | Orc:2    | Noticed an orc high priest
  7118 | Orc:2    | HP: 22/88 [orc high priest/divine providence (7)]
  7131 | Orc:2    | HP: 16/88 [sixfirhy[an orc high priest] (11)]
  7133 | Orc:2    | Killed an orc high priest
  7188 | Orc:2    | Noticed an orc high priest
  7195 | Orc:2    | Killed an orc high priest
  7203 | Orc:2    | Found Xoget's Distillery.
  7224 | Orc:2    | Killed an orc high priest
  7224 | Orc:2    | Reached skill level 13 in Spellcasting
  7316 | Orc:2    | Found Xiekyry's Gadget Shoppe.
  7323 | Orc:2    | Found Ofethrept's Magic Scroll Shoppe.
  7349 | Orc:2    | Bought a book of Alchemy for 1275 gold pieces
  7352 | Orc:2    | Learned a level 2 spell: Sublimation of Blood
  7485 | Orc:1    | Killed Josephine
  7495 | Orc:1    | Reached XP level 13. HP: 82/94 MP: 19/30
  7543 | Orc:1    | Killed Erolcha
  7590 | D:12     | Found a runed translucent door.
  7590 | D:12     | Noticed Flugslaktarn's ghost (journeyman DDFi)
  7688 | D:12     | HP: 16/94 [freezing wraith[a death knight] (9)]
  7688 | D:12     | HP: 4/94 [wyvern (12)]
  7696 | D:12     | HP: 17/94 [freezing wraith[a death knight] (5)]
  7698 | D:12     | HP: 4/94 [freezing wraith[a death knight] (9)]
  7698 | D:12     | Slain by a freezing wraith

Illustrated notes ########## #...r.g..# #.######.### * #.# ####...#####.# #)# #......g...g.. #@# #.######.###.# #.# # * #..(.... #.###,* #.r###.. #.##...####..##### #.. #..........r. , ..##...###.#...... , #.###.####.#..#### * #.#..........$.... ...!.........## Turn 1036 on D:3: early amy of m reg again #.# , , #.# #,##### #.# #.#....######.# * #..........##.# ....#######.#.# , * #$.#.....#.#.# , #..#.#.#.#.#.# , #...#@#...#.# , * #.#.#.#.#)#.# #.#.....#...# , ...#######...# , #..........### *##########.# #.# #.# #.# Turn 1169 on D:3: late game early * *##..# #...# #.#.# #.#.# , ###.#.# * #.....# #.#.### * ####### #)#.# , #...@.# #.#.###### .....###.# #.#.#....## , ,###* #.# #.#........ * ###.### #.....##### #.....# #.##..#.... *, #.....###.##..#.#.# #..)......###...#.# ###.....##..# #.#.#.# #........>...# #.#.... Turn 1229 on D:3: tons of stone : good run ahead

#.._.. ###'### .._..#
#.....###.....###.....#
#...'#.........#'...#
***##...........##* *
#.....###.....# ####
##....#####....## ####
##...##....#+...+#....##...##
#.....#...##.....##...#.....#
#.._..'...##..@..##...'.._..#
#.....#...##.....##...#.....#
##...##....#'...+#....##...##
#### ##....#####....## ####
#.....###.....#
##...........##
#...'#.........#'...#
#.....###.....###.....#
#.._.. ###'### .._..#


Turn 1883 on Temple: no maklheb at temple

Levels and vault maps discovered:
D:1:      enne_arrival_octagon_isle, layout_loops_ring, chequers_garden
D:2:      layout_loops_cross, lemuel_doored_altar, serial_co_window_serial,
          co_window_paths_a, co_window_paths_a, co_window_paths_a,
          co_window_cross_1, co_window_paths_a, co_window_paths_a,
          co_window_corner_a, co_window_broadway_a, co_window_2corner,
          co_window_broadway_c, co_window_corner_cb, co_window_cross_4,
          glass_columns_a, glass_columns_a, glass_columns_b, glass_columns_a,
          glass_columns_a, uniq_sigmund
D:3:      layout_loops_ring, nicolae_overflow_hidden_temple, old_standard_altar,
          ebering_ghost_sewer_d, minmay_checkerbox
D:4:      layout_basic, minmay_temple_entry_stoned_glass,
          chequers_serial_rivers_micro_e, minmay_joined_circles, uniq_ijyb,
          uniq_edmund
D:5:      layout_loops_corners, minitemple, serial_shops, nicolae_shop_stone,
          kennysheep_mini_moat, kennysheep_mini, shop, nicolae_shop_waterfront,
          serial_undead, serial_undead_d, serial_undead_f, serial_undead_d,
          serial_undead_b, chequers_serial_rivers_micro_d
D:6:      layout_basic, overflow_temple_1_default, fedhas_altar_4, basic_altar
D:7:      layout_cave_pools, lemuel_crystal_altar, minmay_misc_feat_cross,
          uniq_harold
D:8:      layout_basic, lemuel_zombie_altar_kikubaaqudgha,
          kennysheep_little_box, xom_teletrap_fun, dpeg_oklobed_lair,
          basic_altar, minivault_26
D:9:      layout_rooms, nicolae_overflow_crystal_walls,
          overflow_temple_1_default, bh_walls_and_bars, uniq_pikel, uniq_maurice
D:10:     layout_loops_corners, minmay_guarded_unrand_variability
D:11:     layout_long_grid, ebering_ghost_reflecting_pool, grunt_ministairs_10,
          minivault_22, grunt_dithmenos_smoke_and_mirrors, uniq_fannar
D:12:     layout_cave_pools, david_orc_4, hellmonk_ghost_happy_afterlife
Temple:   nicolae_temple_figure_zero
Orc:1:    layout_caves, serial_shops, shop_statue, shop, uniq_erolcha,
          uniq_josephine
Orc:2:    st_orc_elflike, layout_caves, gauntlet_entry_generic

Skill      XL: |  1  2  3  4  5  6  7  8  9 10 11 12 |
---------------+-------------------------------------+-----
Earth Magic    | 5 8 9 10 12 14 15 | 15.2
Spellcasting   | 5 7 10 13 | 13.7
Armour         | 1 |  1.7
Dodging        | 3 4 |  4.1
Conjurations   | 2 |  2.0
Necromancy     | 4 8 |  8.4
Translocations | 2 |  2.0
Stealth        | |  2.4
Transmutations | |  0.8

Action                   |  1- 3 |  4- 6 |  7- 9 | 10-12 | 13-15 || total
-------------------------+-------+-------+-------+-------+-------++-------
Melee: Hand axe          |    15 |     7 |     5 |       |       ||    27
       Dagger            |       |       |    17 |     6 |       ||    23
       Great mace        |       |       |       |    95 |    13 ||   108
 Cast: Sandblast         |    25 |    75 |   200 |   133 |     4 ||   437
       Passwall          |     1 |    15 |    32 |     9 |     1 ||    58
       Stone Arrow       |       |       |    36 |   118 |     9 ||   163
       Vampiric Draining |       |       |       |    41 |    14 ||    55
       Apportation       |       |       |       |    25 |       ||    25
       Lee's Rapid Decon |       |       |       |    46 |     6 ||    52
       Sublimation of Bl |       |       |       |       |     3 ||     3
Evoke: Wand              |       |       |       |    16 |       ||    16
  Use: Potion            |     2 |       |     1 |     2 |       ||     5
       Scroll            |       |     4 |     5 |    16 |       ||    25
 Stab: Sleeping          |       |       |       |     2 |       ||     2
       Paralysed         |       |       |       |     7 |       ||     7
       Petrified         |       |       |       |     1 |       ||     1
Armor: Ring mail         |    15 |    11 |    51 |   175 |    31 ||   283
       Leather armour    |       |       |     7 |       |       ||     7
Dodge: Dodged            |    20 |    27 |    63 |   276 |    45 ||   431

Table legend: (Time is in decaauts)
 A = Elapsed time spent in this place.
 B = Non-inter-level travel time spent in this place.
 C = Inter-level travel time spent in this place.
 D = Time resting spent in this place.
 E = Time spent auto-exploring this place.
 F = Levels seen in this place.
 G = Mean time per level.
                   A        B        C        D        E       F      G
               +--------+--------+--------+--------+--------+-----+--------+
         Total |   7837 |   7826 |     11 |      3 |      0 |  16 |  489.8 |
       Dungeon |   6260 |   6260 |      0 |      0 |      0 |  12 |  521.7 |
        Temple |     58 |     58 |      0 |      0 |      0 |   1 |   58.0 |
  Orcish Mines |   1070 |   1059 |     11 |      3 |      0 |   2 |  535.0 |
      Gauntlet |    447 |    447 |      0 |      0 |      0 |   1 |  447.0 |
               +--------+--------+--------+--------+--------+-----+--------+

Top non-repeatable levels by time:
     D:5: 742 daAuts
     D:4: 733 daAuts
   Orc:2: 668 daAuts
     D:2: 582 daAuts
    D:10: 570 daAuts
     D:8: 547 daAuts
     D:3: 524 daAuts
    D:11: 513 daAuts
    D:12: 465 daAuts
     D:9: 452 daAuts
Gauntlet: 447 daAuts
     D:1: 438 daAuts
   Orc:1: 402 daAuts
     D:7: 349 daAuts
     D:6: 339 daAuts

Table legend:
 A = Kills in this place as a percentage of kills in entire the game.
 B = Kills by you in this place as a percentage of kills by you in the entire game.
 C = Kills by friends in this place as a percentage of kills by friends in the entire game.
 D = Other kills in this place as a percentage of other kills in the entire game.
 E = Experience gained in this place as a percentage of experience gained in the entire game.
 F = Experience gained in this place divided by the number of levels of this place that you have seen.
                   A       B       C       D       E      F
               +-------+-------+-------+-------+-------+----------------------
         Total | 100.0 | 100.0 |   N/A | 100.0 | 100.0 | 2562.9
       Dungeon |  78.9 |  78.9 |   N/A | 100.0 |  50.7 | 1733.4
  Orcish Mines |  18.6 |  18.7 |   N/A |   0.0 |  39.9 | 8182.0
      Gauntlet |   2.4 |   2.4 |   N/A |   0.0 |   9.4 | 3842.0
               +-------+-------+-------+-------+-------+----------------------
